 Dungeon Crawl Stone Soup version 0.26.1-2-gb8aa6d0 (webtiles) character file.

Game seed: 9168098188954054843

126 Nithhogg the Chopper (level 5, -1/41 HPs)
             Began as a Human Monk on Mar 30, 2021.
             Succumbed to a worker ant's poison
             ... on level 4 of the Dungeon.
             The game lasted 00:04:31 (4071 turns).

Nithhogg the Chopper (Human Monk)                   Turns: 4071, Time: 00:04:32

Health: -1/41      AC:  5    Str: 12    XL:     5   Next: 31%
Magic:  5/5        EV: 12    Int: 11    God:
Gold:   123        SH:  0    Dex: 15    Spells: 4/4 levels left

rFire    + . .     SeeInvis .   a - +1 hand axe
rCold    . . .     Faith    .   (no shield)
rNeg     . . .     Spirit   .   e - +0 ring mail
rPois    .         Reflect  .   (helmet restricted)
rElec    .         Harm     .   (no cloak)
rCorr    .         Rampage  .   (no gloves)
Will     .....                  (no boots)
Stlth    +.........             (no amulet)
HPRegen  0.13/turn              (no ring)
MPRegen  0.09/turn              g - ring of protection from fire

@: mighty, lethally poisoned (-1 -> -22), attractive
A: antennae 1, blurry vision 1, evolution 1
a: no special abilities


You were on level 4 of the Dungeon.
You visited 1 branch of the dungeon, and saw 4 of its levels.

You collected 123 gold pieces.

Inventory:

Hand Weapons
 a - a +1 hand axe (weapon)
 k - a +0 whip of holy wrath
Armour
 b - a +0 robe
 e - a +0 ring mail (worn)
Jewellery
 f - an uncursed ring of ice
 g - a ring of protection from fire (right hand)
 o - an uncursed ring of fire
Scrolls
 d - 2 scrolls of magic mapping
 i - a scroll of random uselessness
 n - 2 scrolls of teleportation
 r - a scroll of remove curse
 s - a scroll of amnesia {unknown}
 t - 2 scrolls of identify {unknown}
 v - a scroll of immolation
Potions
 c - a potion of berserk rage
 h - a potion of attraction
 j - a potion of might
 l - a potion of mutation
 m - 3 potions of heal wounds {unknown}
 p - 2 potions of degeneration {unknown}
 q - a potion of haste {unknown}
 u - 2 potions of curing {unknown}
 w - a potion of invisibility {unknown}


   Skills:
 + Level 3.6 Fighting
 * Level 4.2 Axes
 + Level 1.8 Armour
 + Level 3.6 Dodging
 - Level 2.0 Stealth


You had 4 spell levels left.
You didn't know any spells.
Your spell library was empty.

Dungeon Overview and Level Annotations

Branches:
Dungeon (4/15)
 Temple: D:4-7

Altars:
Cheibriados
Dithmenos


Innate Abilities, Weirdness & Mutations

You have a pair of small antennae on your head.
Scrolls take you a little longer to read.
You evolve.


Message History

The worker ant is almost dead.
You feel sick. The worker ant closely misses you.
You barely miss the worker ant.
The worker ant is almost dead.
You feel sick. The worker ant closely misses you.
It was a potion of attraction.
You feel attractive to monsters.
You feel sick. The worker ant closely misses you. The worker ant bites you.
* * * LOW HITPOINT WARNING * * *
You are more poisoned.
The worker ant poisons you!
It was a potion of might.
You feel very mighty all of a sudden.
* * * LOW HITPOINT WARNING * * *
You feel sick. The worker ant bites you!
* * * LOW HITPOINT WARNING * * *
It was a potion of mutation.
You feel extremely strange. A pair of antennae grows on your head!
Your vision blurs.
You feel nature experimenting on you.
Don't worry, failures die fast.
You die...

###.###........ #.. #..#
#......## ..# ##.##
#.......###..#
...####............##
##..##..............####
##.#.........>.........
#.......######........
##.....## #B.....#
#.....#### ##@....#
##.......###......#
#...............(#
#..............(...?
#..####..............
#.## ####.....####.. ...
##...## . ... ##..# ##
...#


You could see a worker ant.

Vanquished Creatures
  Terence (D:3)
  3 adders
  An ooze (D:3)
  5 worms
  A dart slug (D:1)
  A leopard gecko (D:1)
  A ball python (D:1)
  2 giant cockroaches
  4 goblins
  5 hobgoblins
  2 quokkas (D:2)
  5 bats
  3 frilled lizards
  11 kobolds
  9 rats
54 creatures vanquished.

Notes
Turn   | Place    | Note
-------+----------+-------------------------------------------
     0 | D:1      | Nithhogg the Human Monk began the quest for the Orb.
     0 | D:1      | Reached XP level 1. HP: 18/18 MP: 1/1
     8 | D:1      | You fall into a shaft and drop 1 floor!
   319 | D:2      | Reached XP level 2. HP: 19/24 MP: 2/2
   775 | D:1      | Reached XP level 3. HP: 24/29 MP: 3/3
  1378 | D:2      | Reached skill level 1 in Armour
  1878 | D:2      | Found a faded altar of an unknown god.
  2008 | D:2      | Reached XP level 4. HP: 35/35 MP: 4/4
  2218 | D:2      | Found a snail-covered altar of Cheibriados.
  2636 | D:3      | Noticed Terence
  2667 | D:3      | Killed Terence
  2668 | D:3      | Reached skill level 4 in Axes
  2668 | D:3      | Reached XP level 5. HP: 10/41 MP: 5/5
  3709 | D:3      | Found a shadowy altar of Dithmenos.
  4070 | D:4      | HP: 1/41 [worker ant (7)]
  4071 | D:4      | Gained mutation: You have a pair of small antennae on your
                  | head. [potion of mutation]
  4071 | D:4      | Gained mutation: Scrolls take you a little longer to read.
                  | [potion of mutation]
  4071 | D:4      | Gained mutation: You evolve. [potion of mutation]
  4071 | D:4      | Succumbed to a worker ant's poison

Illustrated notes

Levels and vault maps discovered:
D:1:      lightli_arrival_chessboard, layout_basic
D:2:      layout_basic, general_overflow_altar,
          chequers_ecumenical_altar_simple_redux, minmay_pentomino_p2
D:3:      layout_basic, marbit_many_paths, uniq_terence
D:4:      layout_layer_cave, minmay_temple_entry_glassed_door,
          uniq_blork_the_orc, uniq_menkaure

Skill      XL: |  1  2  3  4 |
---------------+-------------+-----
Armour         | 1 |  1.8
Axes           | 4 |  4.2
Fighting       | |  3.6
Dodging        | |  3.6
Stealth        | |  2.0

Action                   |  1- 3 |  4- 6 || total
-------------------------+-------+-------++-------
Melee: Hand axe          |   101 |   109 ||   210
  Use: Scroll            |     6 |       ||     6
       Potion            |       |     4 ||     4
 Stab: Sleeping          |     1 |     2 ||     3
Armor: Ring mail         |    28 |    32 ||    60
       Robe              |     1 |       ||     1
Dodge: Dodged            |    56 |    67 ||   123
